[Event "German Bundesliga 2024-25"]
[Site "Germany"]
[Date "2025.01.11"]
[Round "5.14"]
[White "Neef, Maximilian"]
[Black "Delchev, Aleksander"]
[Result "1/2-1/2"]
[Annotator "TA"]
[ECO "D02"]
[WhiteElo "2469"]
[BlackElo "2464"]
[PlyCount "97"]
[EventDate "2024.09.27"]
[EventType "team-tourn"]
[EventCountry "GER"]
[SourceTitle "playchess.com"]
[Source "ChessBase"]
[SourceQuality "1"]
[WhiteTeam "TU Dresden"]
[BlackTeam "Deggendorf"]
[TimeControl "40/5400+30:1800+30"]

1. Nf3 d5 2. g3 g6 3. Bg2 Bg7 4. d4 Nf6 5. O-O O-O 6. c3 Re8 7. Bf4 Nbd7 8. Nbd2 Nh5 9. Be3 e5 10. dxe5 Nxe5 11. Re1 Nxf3+ 12. Bxf3 Nf6 13. Bd4 c6 14. c4 dxc4 15. Nxc4 Be6 16. Rc1 Qe7 17. e3 Rad8 18. Qe2 Nd7 19. Bxg7 Kxg7 20. Red1 Bxc4 21. Qxc4 Qf6 22. Qe2 Ne5 23. Bg2 Rxd1+ 24. Rxd1 Rd8 25. b3 Rd6 26. h3 Qd8 27. Rxd6 Qxd6 28. Kh2 h5 29. Qb2 (29. f4 $5 Nd7 $8 30. Qb2+ Kh7 31. Qc3 $11) 29... Kg8 30. f4 Nd7 31. Qc3 Nf8 32. b4 Ne6 33. a3 a6 34. Qf6 Qd3 35. Qe5 (35. e4 $11) 35... Qxa3 $17 36. Qb8+ Nf8 ({Black should play} 36... Kg7 $17 37. Qe5+ Kh7) 37. Qxb7 $11 Qxe3 38. h4 $1 Qe2 39. Qxc6 Ne6 40. Qe4 Qd2 41. f5 gxf5 42. Qxf5 Qxb4 43. Qxh5 a5 44. Bd5 Qe1 45. Qf3 Kg7 46. Qg4+ Kf8 47. Qf3 Kg7 48. Qg4+ Kf8 49. Qf3 1/2-1/2

[Event "German Bundesliga 2024-25"]
[Site "Germany"]
[Date "2025.01.11"]
[Round "5.15"]
[White "Gustafsson, Jan"]
[Black "Babula, Vlastimil"]
[Result "1/2-1/2"]
[Annotator "TA"]
[ECO "D35"]
[WhiteElo "2598"]
[BlackElo "2496"]
[PlyCount "43"]
[EventDate "2024.09.27"]
[EventType "team-tourn"]
[EventCountry "GER"]
[SourceTitle "playchess.com"]
[Source "ChessBase"]
[SourceQuality "1"]
[WhiteTeam "Duesseldorf"]
[BlackTeam "Werder Bremen"]
[TimeControl "40/5400+30:1800+30"]

1. c4 e6 2. Nc3 d5 3. d4 Nf6 4. cxd5 exd5 5. Bg5 c6 6. e3 h6 7. Bh4 Be7 8. Bd3 O-O 9. Nge2 Re8 10. O-O Nh5 11. Bxe7 Qxe7 12. Qd2 Nd7 13. Rae1 Ndf6 14. Nc1 Ne4 15. Qc2 Bd7 16. Nb3 b6 17. Nd2 Nhf6 18. Nf3 c5 19. dxc5 Nxc5 20. Rc1 Rac8 21. Nd4 Nce4 22. Rfd1 1/2-1/2

[Event "German Bundesliga 2024-25"]
[Site "Germany"]
[Date "2025.01.11"]
[Round "5.15"]
[White "Popovic, Dusan"]
[Black "Boensch, Uwe"]
[Result "1/2-1/2"]
[Annotator "TA"]
[ECO "B31"]
[WhiteElo "2487"]
[BlackElo "2464"]
[PlyCount "41"]
[EventDate "2024.09.27"]
[EventType "team-tourn"]
[EventCountry "GER"]
[SourceTitle "playchess.com"]
[Source "ChessBase"]
[SourceQuality "1"]
[WhiteTeam "Deggendorf"]
[BlackTeam "TU Dresden"]
[TimeControl "40/5400+30:1800+30"]

1. e4 c5 2. Nf3 Nc6 3. Bb5 g6 4. O-O Bg7 5. c3 a6 6. Ba4 b5 7. Bb3 Bb7 8. d4 cxd4 9. cxd4 Na5 10. Bc2 Nf6 11. Qe2 O-O 12. Bd3 d6 13. Bg5 d5 14. Nbd2 ({White should try} 14. e5 $11) 14... dxe4 15. Nxe4 Nc4 16. Rfe1 h6 {[%emt 0:05:46] Hoping for ...Nxe4.} 17. Bh4 Rc8 18. Rad1 Re8 19. b3 {[%emt 0:11:28] aiming for Nxf6+.} Nxe4 20. Bxe4 Bxe4 21. Qxe4 1/2-1/2

[Event "German Bundesliga 2024-25"]
[Site "Germany"]
[Date "2025.01.11"]
[Round "5.16"]
[White "Wachinger, Nikolas"]
[Black "Bologan, Victor"]
[Result "0-1"]
[Annotator "TA"]
[ECO "C70"]
[WhiteElo "2441"]
[BlackElo "2600"]
[PlyCount "60"]
[EventDate "2024.09.27"]
[EventType "team-tourn"]
[EventCountry "GER"]
[SourceTitle "playchess.com"]
[Source "ChessBase"]
[SourceQuality "1"]
[WhiteTeam "Werder Bremen"]
[BlackTeam "Duesseldorf"]
[TimeControl "40/5400+30:1800+30"]

1. e4 e5 2. Nf3 Nc6 3. Bb5 a6 4. Ba4 b5 5. Bb3 Na5 6. O-O d6 7. d4 exd4 8. Nxd4 Bb7 9. Bd2 Nxb3 10. Nxb3 Nf6 11. Na5 Qc8 12. Re1 {[%emt 0:04:10] aiming for e5.} Be7 $1 13. c4 O-O 14. Nc3 Re8 15. Qb3 Rb8 16. a4 bxc4 17. Qxc4 Ba8 18. b4 c6 (18... Ng4 {keeps more tension.} 19. b5 Bh4 20. Rf1 Bf6) 19. Rab1 d5 20. exd5 cxd5 21. Qd4 (21. Qxc8 $11 {keeps the balance.} Rbxc8 22. f3) 21... Bd6 $17 22. h3 {[%emt 0:11:31] [#]} ({White should try} 22. b5 $15) 22... Rxe1+ $1 23. Bxe1 Qe8 {[%emt 0:02:28][%cal Ob8b4] and ...Rxb4! would now be decisive} 24. b5 Be5 25. Qc5 (25. Qd1 $17) 25... Rc8 26. Qb4 $2 (26. Nc6 $17 {was forced.} Bxc6 27. bxc6 Rxc6 28. Qa3) 26... d4 $19 27. Ne2 d3 28. Ng3 $2 (28. Nf4 Be4 29. Bd2 Bxf4 30. Bxf4) 28... Bxg3 29. fxg3 Rc2 30. Nc6 Qe2 0-1

[Event "German Bundesliga 2024-25"]
[Site "Germany"]
[Date "2025.01.11"]
[Round "5.16"]
[White "Tischbierek, Raj"]
[Black "Sedlak, Nikola"]
[Result "0-1"]
[Annotator "TA"]
[ECO "B70"]
[WhiteElo "2432"]
[BlackElo "2444"]
[PlyCount "108"]
[EventDate "2024.09.27"]
[EventType "team-tourn"]
[EventCountry "GER"]
[SourceTitle "playchess.com"]
[Source "ChessBase"]
[SourceQuality "1"]
[WhiteTeam "TU Dresden"]
[BlackTeam "Deggendorf"]
[TimeControl "40/5400+30:1800+30"]

1. e4 c5 2. Nf3 d6 3. d4 cxd4 4. Nxd4 Nf6 5. Nc3 Bd7 6. Be2 Nc6 7. O-O g6 8. Nb3 Bg7 9. Bg5 O-O 10. Kh1 Rb8 11. f4 b5 12. Bf3 (12. Bxb5 Nxe4 13. Nxe4 Rxb5 14. Nxd6 Rxg5 15. Nxf7 Rxf7 $15) 12... a5 13. a4 bxa4 14. Nxa4 Qc7 15. Nc3 Be6 16. Nd5 $1 Bxd5 17. exd5 Nb4 18. c3 Nd3 19. Nxa5 Nxb2 20. Qe2 {[%emt 0:03:54] Hoping for Nc6.} Qxc3 21. Nc6 $1 Rb3 22. Qxe7 (22. Nxe7+ $6 Kh8 $11) 22... Nd3 {[%emt 0:01:18] Prevents Rac1.} 23. Ra2 {[%emt 0:07:51] Repels Qb2} (23. Qxd6 $2 Nf2+ 24. Kg1 N6e4 25. Bxe4 Nxe4 26. Ne7+ Kh8 $19) (23. Bh4 $1 $16) 23... Rb2 (23... h6 $11 24. Bh4 Nxf4 25. Qxd6 Qc4 26. Ne7+ Kh7) 24. Rxb2 $16 Qxb2 {[%emt 0:00:08] [#]} 25. Qe3 {[%emt 0:04:03] Wards off Nf2+} (25. Bh4 $1 $16) 25... Nc5 $40 {[%emt 0:01:17][%mdl 128] Black is up to no good.} 26. Qc1 Qxc1 27. Rxc1 Re8 28. Rb1 Nfe4 29. Bxe4 Nxe4 30. Be7 Bf6 31. Rb7 Bxe7 32. Rxe7 Kf8 33. Rxe8+ Kxe8 $15 {[%emt 0:00:07][%mdl 4096] Endgame KN-KN} 34. g3 Kd7 35. Kg2 Nf6 36. Nb4 Kc7 37. Kf3 Kb6 38. Nc6 (38. f5 $15) 38... Nxd5 $17 39. Nd8 f6 (39... f5 $17 {And now ...Nf6 would win.} 40. Ne6 Kc6) 40. g4 ({White should try} 40. Ne6 $11) 40... Kc7 ({Black should play} 40... Nc7 $15 41. Ke4 Kc5 42. Nb7+ Kc6 43. Na5+ Kd7) 41. Ne6+ $11 Kd7 42. Nd4 (42. Nf8+ $11 {keeps the balance.} Ke7 43. Nxh7) 42... Nc7 $17 43. f5 {[%emt 0:01:40] Prevents Ne6.} g5 44. h4 $2 h6 $19 ({Less strong is} 44... gxh4 45. Kg2 $17) 45. hxg5 $2 (45. Ne2 d5 (45... gxh4 46. Kg2 $17) 46. Nd4) 45... hxg5 46. Ke3 {[%emt 0:01:44] [#]} d5 $1 47. Kd3 Kd6 48. Ke3 Kc5 49. Kd3 Nb5 50. Ne6+ Kd6 51. Ke3 Na7 52. Nd4 Nc6 {[%emt 0:01:04] ( -> ...Nxd4)} 53. Nb5+ Kc5 54. Nc7 Ne5 0-1